 Dungeon Crawl Stone Soup version 0.24.0-2-g5b39cebb1c (webtiles) character file.

Game seed: 3148094838643539330, levelgen mode: deterministic

477 Aviak the Skirmisher (level 7, -2/61 HPs)
             Began as a Hill Orc Wanderer on Oct 30, 2019.
             Killed from afar by an orc wizard (11 damage)
             ... with a puff of flame
             ... on level 4 of the Dungeon.
             The game lasted 00:04:59 (4771 turns).

Aviak the Skirmisher (Hill Orc Wanderer)            Turns: 4771, Time: 00:05:00

Health: -2/61      AC:  6    Str: 21    XL:     7   Next: 11%
Magic:  8/8        EV:  8    Int: 11    God:
Gold:   74         SH:  9    Dex:  7    Spells: 7/8 levels left

rFire    . . .     SeeInvis .   b - +0 spear
rCold    . . .     Gourm    .   d - +0 shield
rNeg     . . .     Faith    .   n - +0 ring mail
rPois    .         Spirit   .   (no helmet)
rElec    .         Reflect  .   (no cloak)
rCorr    .         Harm     .   (no gloves)
MR       .....                  (no boots)
Stlth    ..........             (no amulet)
HPRegen  0.20/turn              (no ring)
MPRegen  0.11/turn              (no ring)

@: no status effects
A: no striking features
a: no special abilities


You were on level 4 of the Dungeon.
You were not hungry.

You visited 1 branch of the dungeon, and saw 4 of its levels.

You collected 74 gold pieces.

Inventory:

Hand Weapons
 a - a +0 club
 b - a +0 spear (weapon)
 e - a +0 whip
Armour
 d - a +0 shield (worn)
 n - a +0 ring mail (worn)
Scrolls
 g - a scroll of immolation
 h - a scroll of enchant weapon {unknown}
 i - 2 scrolls of identify
 j - a scroll of enchant armour {unknown}
 m - a scroll of teleportation {unknown}
 o - 2 scrolls of magic mapping {unknown}
Potions
 c - a potion of curing
Comestibles
 f - 4 rations


   Skills:
 + Level 5.5 Fighting
   Level 1.0 Crossbows
 + Level 5.0 Armour
 + Level 4.5 Shields
 - Level 1.0 Spellcasting
   Level 2.0 Hexes
   Level 1.0 Evocations


You had 7 spell levels left.
You knew the following spells:

 Your Spells              Type           Power        Failure   Level  Hunger
a - Beastly Appendage     Tmut           #.....       89%         1    ##.....

Your spell library contained the following spells:

 Spells                   Type           Power        Failure   Level  Hunger
 Ignite Poison            Fire/Tmut/Pois #.......     99%         3    ####...


Dungeon Overview and Level Annotations

Branches:
Dungeon (4/15)
 Temple: D:4-7

Altars:
Fedhas
Vehumet
Zin

Annotations:
D:4 Duvessa


Message History

The puff of flame hits you!
* * * LOW HITPOINT WARNING * * *
Okay, then.
As you read the scroll labeled SOTEPN ETOI, it crumbles to dust.
It is a scroll of identify.
g - a scroll of immolation;
i - 2 scrolls of identify;
b - a +0 spear (weapon)
You hit the orc wizard.
The orc wizard is moderately wounded.
You block the orc wizard's attack.
You closely miss the orc wizard.
The orc wizard is moderately wounded.
You feel yourself slow down.
The orc wizard hits you with a +0 dagger.
* * * LOW HITPOINT WARNING * * *
Okay, then.
You closely miss the orc wizard.
The orc wizard is moderately wounded.
The orc wizard gestures at you while chanting.
The puff of flame hits you!
You die...

oo.#.......#...####
...........#.######
..........#......#
...o.....######.#
##o..(..######.#
#.#####......#......#
#............##.#####
#..####.....###.#
#...@oho....# #.#
#.....###o....#
#.##### #.....
.......# #......
##..###.......#
######. ....
.........# #. ####
...#.....########.
..............e.##.
....############.##.
#######)##e


You could see a hound, an orc wizard and 2 orcs.

Vanquished Creatures
  An ogre (D:4)
  A centaur (D:3)
  Dowan (D:4)
  A crimson imp (D:3)
  Terence (D:3)
  A worker ant (D:4)
  8 adders
  2 oozes
  An adder skeleton (D:4)
  A worm (D:3)
  3 dart slugs
  A leopard gecko (D:2)
  8 orcs
  A ball python (D:1)
  8 bats
  4 giant cockroaches
  9 goblins
  8 hobgoblins
  10 jackals
  2 quokkas
  4 frilled lizards
  7 kobolds
  4 rats
87 creatures vanquished.

Notes
Turn   | Place    | Note
-------+----------+-------------------------------------------
     0 | D:1      | Aviak the Hill Orc Wanderer began the quest for the Orb.
     0 | D:1      | Aviak set off with the following items: a +0 club, a +0
                  | ring mail, a +0 shield, a ration; and the following spell
                  | memorised: Beastly Appendage; and the following spells
                  | available to memorise: Ignite Poison
     0 | D:1      | Reached XP level 1. HP: 18/18 MP: 2/2
   137 | D:1      | Reached XP level 2. HP: 18/25 MP: 3/3
   717 | D:1      | Reached XP level 3. HP: 28/31 MP: 4/4
  1356 | D:2      | Reached XP level 4. HP: 21/38 MP: 5/5
  2621 | D:3      | Noticed Terence
  2660 | D:3      | Killed Terence
  2660 | D:3      | Reached XP level 5. HP: 21/46 MP: 6/6
  3876 | D:3      | Found a glowing silver altar of Zin.
  3876 | D:3      | Found a blossoming altar of Fedhas.
  3878 | D:3      | Found a radiant altar of Vehumet.
  4073 | D:3      | Noticed a centaur
  4095 | D:3      | Killed a centaur
  4095 | D:3      | Reached XP level 6. HP: 23/55 MP: 7/7
  4433 | D:4      | Reached skill level 5 in Fighting
  4451 | D:4      | Noticed Duvessa
  4715 | D:4      | Noticed Dowan
  4749 | D:4      | Killed Dowan
  4749 | D:4      | Reached skill level 5 in Armour
  4749 | D:4      | Reached XP level 7. HP: 23/61 MP: 8/8
  4771 | D:4      | Killed from afar by an orc wizard

Levels and vault maps discovered:
D:1:      scummos_arrival_simple_fountains, layout_rooms
D:2:      layout_basic
D:3:      layout_loops_ring, gammafunk_temple_overflow_forgotten, uniq_terence
D:4:      layout_basic, uniq_duvessa

Skill      XL: |  1  2  3  4  5  6 |
---------------+-------------------+-----
Fighting       | 3 4 5 |  5.5
Shields        | 2 3 4 |  4.5
Armour         | 3 4 5 |  5.0
Crossbows      | |  1.0
Spellcasting   | |  1.0
Hexes          | |  2.0
Evocations     | |  1.0

Action                   |  1- 3 |  4- 6 |  7- 9 || total
-------------------------+-------+-------+-------++-------
Melee: Club              |    84 |       |       ||    84
       Whip              |    12 |       |       ||    12
       Spear             |    86 |   486 |    20 ||   592
       Unarmed           |       |     6 |       ||     6
  Use: Potion            |       |     6 |       ||     6
       Scroll            |       |       |     1 ||     1
  Eat: Chunk             |     2 |     8 |       ||    10
       Ration            |       |     1 |       ||     1
Armor: Ring mail         |    77 |   141 |     3 ||   221
       Skin              |       |     9 |       ||     9
Dodge: Dodged            |    47 |   121 |     1 ||   169
Block: Shield            |    61 |   186 |     6 ||   253
